 Dungeon Crawl Stone Soup version 0.31.0-12-g77e489cdc1 (webtiles) character file.

Game seed: 14391076263738803319

726 Gadfly the Trooper (level 7, -2/44 HPs)
             Began as a Gargoyle Fighter on Mar 8, 2024.
             Slain by an ogre
             ... wielding a +0 giant club
              (14 damage)
             ... on level 5 of the Dungeon.
             The game lasted 00:05:57 (3983 turns).

Gadfly the Trooper (Gargoyle Fighter)               Turns: 3983, Time: 00:05:57

Health: -2/44      AC: 17    Str: 22    XL:     7   Next: 72%
Magic:  0/10       EV:  6    Int:  8    God:
Gold:   260        SH:  4    Dex: 11    Spells: 6/6 levels left

rFire   + . .        a - +0 flail
rCold   + . .        c - +0 buckler
rNeg    + . .        p - +0 plate armour
rPois   ∞            (no helmet)
rElec   +            (no cloak)
rCorr   +            (no gloves)
SInv    .            e - +0 pair of boots
Will    .....        g - amulet of guardian spirit Stlth
                     i - ring "Qyes Alo" {Fly Str+2 Stlth+}
HPRegen 0.27/turn    (no ring)
MPRegen 0.12/turn

%: guardian spirit
@: resistant, flying
A: sickness immunity, AC +4, negative energy resistance 1, electricity
resistance, torment resistance 1, petrification resistance
a: no special abilities


You were on level 5 of the Dungeon.
You visited 1 branch of the dungeon, and saw 5 of its levels.

You collected 260 gold pieces.

Inventory:

Hand Weapons
 a - a +0 flail (weapon)
 b - a +4 dagger of venom
Armour
 c - a +0 buckler (worn)
 e - a +0 pair of boots (worn)
 p - a +0 plate armour (worn)
Jewellery
 g - an amulet of guardian spirit (around neck)
 i - the ring "Qyes Alo" (left hand) {Fly Str+2 Stlth+}
   (You found it on level 3 of the Dungeon)

   [ring of flight]

   Str+2:     It affects your strength (+2).
   Fly:       It grants you flight.
   Stlth+:    It makes you more stealthy.
 l - an amulet of faith
Potions
 d - 2 potions of might
 h - a potion of enlightenment
 j - a potion of haste
 k - a potion of curing
 m - a potion of resistance


   Skills:
 + Level 4.6 Fighting
 * Level 4.2 Maces & Flails
 + Level 4.3 Armour
 + Level 4.3 Shields
 * Level 4.0 Invocations
 * Level 3.2 Evocations


You had 6 spell levels left.
You didn't know any spells.
Your spell library contained the following spells:

 Spells                   Type           Power      Damage    Failure   Level
 Hailstorm                Conj/Ice       0%         3d5       100%        3
 Summon Ice Beast         Ice/Summ       0%         N/A       100%        3
 Animate Armour           Summ/Erth      0%         N/A       100%        4
 Summon Lightning Spire   Summ/Air       0%         N/A       100%        4
 Lee's Rapid Deconstruct  Erth           0%         3d4*      100%        5
 Sculpt Simulacrum        Ice/Alch       0%         N/A       100%        6


Dungeon Overview and Level Annotations

Branches:
Dungeon (5/15)
 Temple: D:4-7

Altars:
Hepliaklqana
Qazlal
Yredelemnul

Shops:
D:2 [   D:5 =

Annotations:
D:4 2 transporters, chippings's ghost, amateur DrWn


Innate Abilities, Weirdness & Mutations

You are immune to sickness and miasma.
Your stone body is resilient. (AC +4)
You are immune to poison.
You resist negative energy. (rN+)
You are resistant to electric shocks. (rElec)
You are resistant to unholy torment.
You are immune to petrification.


Message History

* * * LOW HITPOINT WARNING * * *
An adder comes into view.
The adder closely misses you. The adder barely misses you.
The adder bites you but does no damage. The adder bites you but does no damage.
You see here the +9 trident "Fofulugadu" {speed, rC+++ Str+4 Int-3 Dex-4}.
The adder attacks as it pursues you! The adder bites you but does no damage.
The adder attacks as it pursues you! The adder bites you.
* * * LOW HITPOINT WARNING * * *
The adder attacks as it pursues you! The adder bites you but does no damage.
The adder bites you but does no damage. The adder attacks as it pursues you!
The adder bites you.
* * * LOW HITPOINT WARNING * * *
The adder attacks as it pursues you! The adder bites you but does no damage.
The adder attacks as it pursues you! You block the adder's attack.
The adder bites you but does no damage.
The ogre looks more healthy.
The adder attacks as it pursues you! You block the adder's attack.
You aren't carrying any scrolls.
Okay, then.
You aren't carrying any items that you can evoke.
You aren't carrying any scrolls.
Okay, then.
You feel better. The adder bites you but does no damage. The adder bites you.
* * * LOW HITPOINT WARNING * * *
You hit the adder.
The adder is poisoned.
The adder is moderately wounded.
The ogre completely misses you. The adder bites you but does no damage.
Unknown command.
The adder bites you but does no damage.
You hit the adder.
The adder looks as sick as possible!
The adder is almost dead.
You kill the adder!
You aren't carrying any items that you can evoke.
Your +4 dagger of venom stops dripping with poison.
a - a +0 flail (weapon)
You hit the ogre but do no damage.
The ogre is almost dead.
The ogre hits you with a +0 giant club!!
You die...

####...|......# #
#.. ..............#
#..
####..........###
#..
#.................
#..
##)###############..
#..
#...............#
#..
#...............#
###
#...............#
#.........w.O@..#
#.....########### .
#.....# .. #.....#
..##.....#
.......w.#
.....).### .......#
+#+##.##


You could see an ogre and a ribbon worm.

Vanquished Creatures
  Grinder (D:3)
  2 scorpions
  2 jellies (D:4)
  3 orc priests (D:4)
  2 iguanas (D:4)
  2 orc wizards (D:4)
  7 adders
  An ufetubus (D:5)
  2 ribbon worms (D:3)
  A dart slug (D:1)
  12 orcs
  3 bats
  3 endoplasms
  5 giant cockroaches (D:2)
  7 goblins
  4 hobgoblins
  5 quokkas
  14 ball pythons
  5 frilled lizards
  7 kobolds
88 creatures vanquished.

Notes
Turn   | Place    | Note
-------+----------+-------------------------------------------
     0 | D:1      | Gadfly the Gargoyle Fighter began the quest for the Orb.
     0 | D:1      | Reached XP level 1. HP: 14/14 MP: 1/1
   218 | D:1      | Reached XP level 2. HP: 19/19 MP: 2/2
   653 | D:1      | Reached skill level 1 in Invocations
  1218 | D:2      | Reached skill level 1 in Evocations
  1218 | D:2      | Reached XP level 3. HP: 23/23 MP: 3/3
  1332 | D:2      | Found a faded altar of an unknown god.
  1472 | D:2      | Found Qixysmavao's Armour Shop.
  1477 | D:2      | You fall into a shaft and drop 2 floors!
  1513 | D:4      | Found a basalt altar of Yredelemnul.
  1518 | D:4      | Reached XP level 4. HP: 17/28 MP: 3/5
  1628 | D:4      | Found a transporter.
  1687 | D:4      | Found a transporter.
  1767 | D:4      | Reached XP level 5. HP: 33/33 MP: 6/6
  1860 | D:3      | Noticed Grinder
  1865 | D:3      | Paralysed by Grinder for 4 turns
  1874 | D:3      | Paralysed by Grinder for 4 turns
  1880 | D:3      | Killed Grinder
  1881 | D:3      | Reached XP level 6. HP: 14/38 MP: 3/8
  2273 | D:3      | Identified the ring "Qyes Alo" {Fly Str+2 Stlth+}
  2751 | D:4      | Reached XP level 7. HP: 24/44 MP: 5/9
  2914 | D:4      | Noticed chippings's ghost (amateur DrWn)
  2915 | D:4      | Identified the +7 great mace of Mutilation {drain, rPois
                  | Int+3}
  2974 | D:4      | Found a hazy altar of Hepliaklqana.
  3090 | D:4      | Found a stormy altar of Qazlal.
  3835 | D:5      | Entered Level 5 of the Dungeon
  3858 | D:5      | Found Myamanu's Jewellery Shop.
  3925 | D:5      | Identified the +9 trident "Fofulugadu" {speed, rC+++ Str+4
                  | Int-3 Dex-4}
  3956 | D:5      | HP: 2/44 [ogre/+0 giant club (17)]
  3983 | D:5      | Slain by an ogre

Illustrated notes

Levels and vault maps discovered:
D:1:      kilobyte_arrival_exit_the_forest, layout_basic, grunt_decor_cap,
          nicolae_kite_square_tiling_tiny
D:2:      layout_basic, serial_shops, nicolae_diamond_shop,
          ebering_ecumenical_altar_sacrificial, minmay_worlds_worst_comb
D:3:      layout_rooms, uniq_grinder
D:4:      layout_basic, grunt_qazlal_clouds, amcnicky_altar_gilded,
          mainiacjoe_overflow_cross_hatched, gammafunk_ghost_smash,
          amethyst_killhole, dreamdust_wishing_well
D:5:      layout_basic, kiku_gazebo_pond_becter, temple_green, serial_shops,
          nicolae_shop_advertising_works [nicolae_subvault_shop_adworks]

Skill      XL: |  1  2  3  4  5  6  7 |
---------------+----------------------+-----
Invocations    | 1 2 3 4 |  4.0
Evocations     | 1 2 3 |  3.2
Fighting       | 4 |  4.6
Maces & Flails | 3 4 |  4.2
Armour         | 4 |  4.3
Shields        | 4 |  4.3

Action                     |  1- 3 |  4- 6 |  7- 9 || total
---------------------------+-------+-------+-------++-------
  Melee: Flail             |   109 |    63 |     1 ||   173
         Dagger            |       |    84 |    74 ||   158
    Use: Scroll            |     3 |     4 |     2 ||     9
         Potion            |       |       |     3 ||     3
 Armour: Scale mail        |    72 |    75 |       ||   147
         Chain mail        |       |    23 |    34 ||    57
         Plate armour      |       |       |    29 ||    29
  Dodge: Dodged            |    59 |    62 |    26 ||   147
  Block: Buckler           |    28 |    29 |    16 ||    73
